 Dungeon Crawl Stone Soup version 0.25-a0-246-g58704a1ebd (webtiles) character file.

Game seed: 4354595755878410815, levelgen mode: classic

1090 Borgoz the Skirmisher (level 8, -1/53 HPs)
             Began as a Gargoyle Fighter on Dec 3, 2019.
             Was a Follower of Okawaru.
             Splashed by a jelly's acid (3 damage)
             ... on level 5 of the Dungeon.
             The game lasted 00:08:27 (5533 turns).

Borgoz the Skirmisher (Gargoyle Fighter)            Turns: 5533, Time: 00:08:28

Health: -1/53      AC:  2    Str: 22    XL:     8   Next: 31%
Magic:  11/11      EV:  9    Int:  8    God:    Okawaru [*.....]
Gold:   276        SH: 10    Dex: 10    Spells: 12/12 levels left

rFire    . . .     SeeInvis .   a - +0 flail
rCold    . . .     Gourm    .   c - +0 shield
rNeg     + . .     Faith    .   e - +2 ring mail {rPois}
rPois    ∞         Spirit   .   (no helmet)
rElec    +         Reflect  .   (no cloak)
rCorr    .         Harm     .   (no gloves)
MR       .....                  (no boots)
Stlth    ..........             (no amulet)
HPRegen  0.17/turn              (no ring)
MPRegen  0.12/turn              (no ring)

@: corroded
A: negative energy resistance 1, electricity resistance, unbreathing,
petrification resistance, rot immunity, AC +5
a: Heroism, Renounce Religion


You were on level 5 of the Dungeon.
You worshipped Okawaru.
Okawaru was aware of your devotion.
You were not hungry.

You visited 2 branches of the dungeon, and saw 6 of its levels.

You collected 276 gold pieces.

Inventory:

Hand Weapons
 a - a +0 flail (weapon)
Missiles
 x - 10 poisoned darts (quivered)
Armour
 c - a +0 shield (worn)
 e - a +2 ring mail of poison resistance (worn)
 p - the +4 ring mail of Narruwk {+Inv rElec rF- Dex+8}
   (You found it on level 4 of the Dungeon)

   It affects your dexterity (+8).
   It makes you vulnerable to fire.
   It insulates you from electricity.
   It lets you turn invisible.
Jewellery
 k - an uncursed ring of flight
Wands
 n - a wand of random effects (32)
 s - a wand of enslavement (6)
 v - a wand of paralysis (8)
Scrolls
 h - a scroll of enchant weapon {unknown}
 l - a scroll of enchant armour {unknown}
 m - 2 scrolls of teleportation {unknown}
 o - a scroll of amnesia {unknown}
 q - a scroll of magic mapping {unknown}
 t - a scroll of identify
 u - a scroll of random uselessness {unknown}
 w - a scroll of fog {unknown}
Potions
 b - 2 potions of haste {unknown}
 d - a potion of might
 g - a potion of ambrosia {unknown}
 i - 3 potions of brilliance
 j - 6 potions of heal wounds
 r - a potion of mutation
Comestibles
 f - 10 rations


   Skills:
 * Level 7.1 Fighting
 * Level 6.0 Maces & Flails
 * Level 7.1 Armour
 - Level 2.2 Dodging
 * Level 6.1 Shields
 - Level 2.6 Spellcasting
   Level 2.5 Hexes
 + Level 1.2 Invocations
 - Level 2.7 Evocations


You had 12 spell levels left.
You didn't know any spells.
Your spell library was empty.

Dungeon Overview and Level Annotations

Branches:
Dungeon (5/15)             Temple (1/1) D:5

Altars:
Dithmenos
Elyvilon
Gozag
Kikubaaqudgha
Makhleb
Nemelex Xobeh
Okawaru
Qazlal
Sif Muna
Wu Jian
Xom
Yredelemnul


Innate Abilities, Weirdness & Mutations

You are resistant to torment.
Your stone body is resilient. (AC +5)
You are immune to poison.
You resist negative energy. (rN+)
You are resistant to electric shocks. (rElec)
You can survive without breathing.
You are immune to petrification.
You are immune to rotting.


Message History

The jelly quivers.
You sock the ooze!
You kill the ooze!
Okawaru accepts your kill.
You hit the jelly but do no damage. The acid corrodes you!
Your hands burn!
The jelly completely misses you.
The slime creature quivers.
You hit the jelly but do no damage.
Your hands burn!
The jelly hits you.
You are splashed with acid.
You hit the jelly.
Your hands burn!
The jelly is lightly wounded.
The jelly hits you.
You are splashed with acid!
You hit the jelly but do no damage.
Your hands burn!
The jelly is lightly wounded.
The jelly hits you.
* * * LOW HITPOINT WARNING * * *
The acid corrodes you!
You are splashed with acid!
* * * LOW HITPOINT WARNING * * *
You hit the jelly.
Your hands burn!
You die...

#.# ###### ### ###...####
#.######### #####
#..##..÷...##########
#####P.PJ...##(.....#####
#......#.#.......##.#
#.P.P..#.#........'.###
#...÷..#J#.(......'.(.#
#...PPP#J#'#......'.#)#
#...JJJ#@#.#.....##.#)#
#..P...#.#.#....#####(#
#?...J.##.####### #>#
##### ### #.# ....# ##
#######.# ###.#######.#
###.# #.......#
#.......... ....
#.####### #.......... #..
#.# # #..########
#..####.#


You could see a slime creature and a jelly.

Vanquished Creatures
  Sigmund (D:4)
  An ice beast (D:5)
  An ogre (D:5)
  2 big kobolds (D:5)
  3 jellies (D:5)
  2 orc priests
  4 orc wizards
  A bullfrog skeleton (D:5)
  3 worker ants
  4 gnolls (D:5)
  2 adders
  2 shadow imps (D:5)
  8 oozes
  An adder skeleton (D:5)
  A worm (D:2)
  2 dart slugs (D:1)
  A leopard gecko (D:1)
  23 orcs
  8 bats
  8 giant cockroaches
  12 goblins
  8 hobgoblins
  2 quokkas
  A ball python (D:2)
  6 frilled lizards
  2 giant cockroach zombies (D:5)
  10 kobolds
  14 rats
133 creatures vanquished.

Vanquished Creatures (others)
  A bush (D:4)
  7 fungi (D:5)
  5 toadstools (D:5)
13 creatures vanquished.

Grand Total: 146 creatures vanquished

Notes
Turn   | Place    | Note
-------+----------+-------------------------------------------
     0 | D:1      | Borgoz the Gargoyle Fighter began the quest for the Orb.
     0 | D:1      | Reached XP level 1. HP: 14/14 MP: 1/1
    50 | D:1      | Reached XP level 2. HP: 16/19 MP: 2/2
   421 | D:1      | Reached XP level 3. HP: 22/23 MP: 3/3
   466 | D:1      | Reached skill level 5 in Maces & Flails
   466 | D:1      | Reached skill level 5 in Shields
   466 | D:1      | Reached XP level 4. HP: 32/32 MP: 3/7
  1245 | D:2      | Found a shimmering blue altar of Sif Muna.
  1472 | D:2      | Found an ornate altar of the Wu Jian Council.
  1874 | D:3      | Found a sparkling altar of Nemelex Xobeh.
  2067 | D:2      | Reached XP level 5. HP: 36/36 MP: 8/8
  2545 | D:3      | Reached XP level 6. HP: 37/41 MP: 9/9
  3336 | D:4      | Got a fine ring mail
  3347 | D:4      | Identified the +4 ring mail of Narruwk {+Inv rElec rF-
                  | Dex+8} (You found it on level 4 of the Dungeon)
  3547 | D:4      | Noticed Sigmund
  3564 | D:4      | Killed Sigmund
  3564 | D:4      | Reached XP level 7. HP: 29/47 MP: 10/10
  3968 | D:5      | Entered Level 5 of the Dungeon
  4196 | D:5      | Found a staircase to the Ecumenical Temple.
  4206 | Temple   | Entered the Ecumenical Temple
  4265 | Temple   | Became a worshipper of Warmaster Okawaru
  5052 | D:5      | Reached * piety under Okawaru
  5052 | D:5      | Reached XP level 8. HP: 16/52 MP: 11/11
  5073 | D:5      | Reached skill level 1 in Invocations
  5310 | D:5      | Noticed a slime creature
  5532 | D:5      | HP: 2/53 [acid (12)]
  5533 | D:5      | Splashed by a jelly's acid

Levels and vault maps discovered:
D:1:      onia_arrival_larder, layout_loops_ring
D:2:      layout_loops_ring, lemuel_doored_altar, lemuel_crystal_altar,
          hangedman_decor_riveting, minmay_misc_feat_rows, minmay_pentomino_z4
D:3:      layout_loops_ring, nemelex_xobeh_ov_fountains_minmay
D:4:      layout_basic, serial_forest, infiniplex_forest_clump_small,
          infiniplex_forest_end_2, infiniplex_forest_clump_medium,
          infiniplex_forest_end_2, infiniplex_forest_clump_small,
          infiniplex_forest_clump_small, infiniplex_forest_diagonal,
          infiniplex_forest_clump_cross, infiniplex_forest_clump_C, uniq_sigmund
D:5:      cheibrodos_fertilizer, layout_loops_ring,
          minmay_temple_entry_drinking_statues, first_ration
Temple:   jpeg_temple_island

Skill      XL: |  1  2  3  4  5  6  7  8 |
---------------+-------------------------+-----
Fighting       | 6 7 |  7.1
Maces & Flails | 5 6 |  6.0
Armour         | 6 7 |  7.1
Dodging        | 2 |  2.2
Shields        | 5 6 |  6.1
Spellcasting   | 2 |  2.6
Hexes          | 2 |  2.5
Evocations     | 2 |  2.7
Invocations    | 1 |  1.2

Action                   |  1- 3 |  4- 6 |  7- 9 || total
-------------------------+-------+-------+-------++-------
Melee: Flail             |    62 |   281 |   160 ||   503
  Use: Scroll            |     2 |     1 |     2 ||     5
       Potion            |     1 |       |       ||     1
 Stab: Distracted        |       |       |     2 ||     2
  Eat: Chunk             |       |     8 |     2 ||    10
       Ration            |       |       |     2 ||     2
Armor: Scale mail        |    17 |     8 |       ||    25
       Ring mail         |       |    96 |    70 ||   166
Dodge: Dodged            |    12 |    91 |    69 ||   172
Block: Shield            |    27 |   147 |    93 ||   267

Table legend:
 A = Non-vault XP
 B = Vault XP
 C = Vault XP percentage of total XP
 D = Non-vault monster count
 E = Vault monster count
 F = Vault count percentage of total count
                 A         B        C        D         E       F
            +---------+---------+-------+---------+---------+-------
      Total |     903 |     607 |  40.2 |     106 |      27 |  20.3
            +---------+---------+-------+---------+---------+-------
        D:1 |      49 |      16 |  24.6 |      25 |      10 |  28.6
        D:2 |      55 |       4 |   6.8 |      25 |       3 |  10.7
        D:3 |     179 |       0 |   0.0 |      27 |       0 |   0.0
        D:4 |      83 |     223 |  72.9 |       5 |       1 |  16.7
        D:5 |     537 |     364 |  40.4 |      24 |      13 |  35.1
            +---------+---------+-------+---------+---------+-------
